Wolves vs Crunch
Created - April 26, 2023 at 20:05
Goals
|
Wolves |
0 |
3 |
0 |
3 |
Crunch |
1 |
1 |
0 |
2 |
|
Shots
|
Wolves |
2 |
16 |
6 |
24 |
Crunch |
13 |
4 |
13 |
30 |
|
1st period
1. Crunch , Sam Bennett 16 (Jakob Chychrun 27) at 13:50 (PP)
Penalties :
Liam O'Brien (Chi) for Hooking (Minor) at 6:56, Fredrik Olofsson (Chi) for Cross-checking (Minor) at 13:38, Sean Walker (Syr) for Hooking (Minor) at 18:59
2nd period
2. Wolves , Frederick Gaudreau 22 (Thomas Spelling 24, Jakub Zboril 24) at 0:14 (PP)
3. Crunch , Anthony Cirelli 32 (Jeremy Bracco 17, Sam Bennett 24) at 1:24
4. Wolves , Eric Robinson 26 (Kyle Capobianco 3, Thomas Spelling 25) at 9:47 (PP)
5. Wolves , Frederick Gaudreau 23 (Thomas Spelling 26) at 10:09 (PP)
Penalties :
Michael Ferland (Syr) for High sticking (Minor) at 8:26, Sam Bennett (Syr) for Hooking (Minor) at 10:02, Thomas Spelling (Chi) for Interference (Minor) at 14:19, Robert Thomas (Syr) for Hooking (Minor) at 17:31
3rd period
No Goal
Penalties :
Wade Allison (Chi) for Interference (Minor) at 0:56, Sean Walker (Syr) for High sticking (Minor) at 10:29, Jeremy Bracco (Syr) for High sticking (Minor) at 17:42
Goalie Stats
Ebbe Siönäs (Chi), 28 saves from 30 shots - (0.933), W, 24-20-7, 60:00 minutes
Kaapo Kahkonen (Syr), 21 saves from 24 shots - (0.875), L, 21-21-3, 59:46 minutes
Players Stats for Wolves
Player Name G A P +/- PIM S H SB GA TA FO MP PP MP PK MP
------------------------------------------------------------------------------------
Antti Suomela 0 0 0 0 0 3 0 0 0 0 4/8 12:33 0:00 1:50
Cedric Paquette 0 0 0 0 0 2 1 0 0 0 10/15 20:03 3:21 4:02
Corey Shueneman 0 0 0 0 0 2 1 4 1 2 0/0 28:11 5:10 3:38
Eric Robinson 1 0 1 0 0 1 3 0 0 0 1/1 21:09 5:19 0:03
Frederick Gaudreau 2 0 2 0 0 3 1 1 0 1 12/28 22:27 5:19 4:18
Fredrik Olofsson 0 0 0 0 2 0 3 0 0 0 0/0 10:19 0:00 0:00
Hayden Hodgson 0 0 0 0 0 2 0 1 2 0 0/2 16:01 3:21 0:00
Jack Ahcan 0 0 0 0 0 0 0 0 0 1 0/0 10:35 0:00 0:00
Jake Evans 0 0 0 -1 0 0 1 0 1 3 0/0 14:04 0:00 0:00
Jakub Zboril 0 1 1 0 0 2 1 3 1 3 0/0 28:11 5:10 3:38
Jonah Gadjovich 0 0 0 -1 0 0 0 0 0 0 0/1 6:02 0:00 0:00
Joona Koppanen 0 0 0 0 0 0 0 0 0 0 0/0 0:00 0:00 0:00
Kyle Capobianco 0 1 1 -1 0 0 0 0 0 1 0/0 21:14 3:30 2:31
Liam O'Brien 0 0 0 0 2 0 0 0 0 0 0/0 5:11 0:00 0:00
Maksim Sushko 0 0 0 0 0 2 0 0 0 0 0/0 10:20 0:00 0:00
Parker Kelly 0 0 0 0 0 0 0 0 0 0 0/0 3:42 0:00 0:46
Samuel Girard 0 0 0 -1 0 3 0 0 1 0 0/0 21:14 3:30 2:31
Sasha Chmelevski 0 0 0 0 0 0 0 0 0 0 0/0 0:17 0:00 0:00
Stelio Mattheos 0 0 0 -1 0 0 1 0 0 0 0/0 6:02 0:00 0:00
Thomas Spelling 0 3 3 0 2 4 2 1 1 0 1/2 19:50 5:19 1:19
Wade Allison 0 0 0 0 2 0 1 2 0 0 0/1 16:22 3:21 0:00
Players Stats for Crunch
Player Name G A P +/- PIM S H SB GA TA FO MP PP MP PK MP
------------------------------------------------------------------------------------
Anatoli Golyshev 0 0 0 0 0 2 0 0 0 0 0/0 9:12 0:00 0:25
Anthony Cirelli 1 0 1 1 0 3 1 0 0 1 0/1 23:15 3:30 5:33
Brandon Hagel 0 0 0 0 0 1 4 0 1 0 0/1 14:28 2:39 1:45
Brendan Guhle 0 0 0 0 0 3 0 1 2 1 0/0 27:08 2:10 5:10
Connor Bunnaman 0 0 0 0 0 2 0 1 0 0 1/1 8:47 0:00 0:00
Jack Roslovic 0 0 0 0 0 2 1 0 1 2 5/7 16:21 2:39 1:49
Jacob Josefson 0 0 0 0 0 2 1 0 1 0 3/3 10:19 0:00 0:00
Jakob Chychrun 0 1 1 0 0 1 0 1 1 0 0/0 17:17 3:59 0:04
Jeremy Bracco 0 1 1 1 2 0 2 0 1 0 1/1 17:38 3:30 0:00
Joel Vermin 0 0 0 0 0 2 0 0 0 0 0/0 10:22 0:00 0:00
Jordan Oesterle 0 0 0 1 0 1 1 4 1 1 0/0 18:29 3:59 3:26
Max McCormick 0 0 0 0 0 1 0 0 0 0 0/0 8:47 0:00 0:00
Michael Ferland 0 0 0 0 2 3 0 0 0 1 0/1 14:12 0:00 2:20
Noah Hanifin 0 0 0 0 0 0 4 1 0 0 0/0 20:39 2:10 3:13
Robert Thomas 0 0 0 0 2 1 2 0 1 0 0/0 14:31 2:39 0:00
Roland McKeown 0 0 0 0 0 2 3 0 0 0 0/0 24:18 0:00 5:27
Sam Bennett 1 1 2 1 2 3 3 1 1 0 20/43 23:24 3:30 5:28
Sean Walker 0 0 0 1 4 1 0 1 1 1 0/0 12:07 0:00 0:00
3 Stars
1 - Frederick Gaudreau (Chi)
2 - Sam Bennett (Syr)
3 - Thomas Spelling (Chi)
Power Play
Wolves - 3 on 6 Attempt(s) - 50.00%
Crunch - 1 on 4 Attempt(s) - 25.00%
Penalty Kill
Wolves - 3 on 4 Attempt(s) - 75.00%
- Score 0 goal in Penalty Kill
Crunch - 3 on 6 Attempt(s) - 50.00%
- Score 0 goal in Penalty Kill
Team Stat
Wolves - Hits : 15 - Faceoff Wins : 28 - Blocked Shots : 12 - Penalty Minutes : 8
Crunch - Hits : 22 - Faceoff Wins : 30 - Blocked Shots : 10 - Penalty Minutes : 12
Official
Referees : Brad Meier and Kevin Pollock
Linesman : Scott Cherrey and Michel Cormier
Game Notes
No Game Note
Finance
Level 1 -- Attendance: 1749 (87.45%) -- Ticket Income $61,215
Level 2 -- Attendance: 867 (86.70%) -- Ticket Income $13,005
Total Attendance: 2616 (87.20%)
Total Ticket Income: $74,220
Other Income: $3,711
Total Income: $77,931
Wolves
5 vs 5 Forward
Center Left Wing Right Wing Time % Phy DF OF
1 Frederick Gaudreau Eric Robinson Thomas Spelling 40 1 2 2
2 Cedric Paquette Hayden Hodgson Wade Allison 30 1 2 2
3 Antti Suomela Fredrik Olofsson Maksim Sushko 20 1 2 2
4 Jake Evans Jonah Gadjovich Stelio Mattheos 10 1 2 2
5 vs 5 Defense
Defense Defense Time % Phy DF OF
1 Jakub Zboril Corey Shueneman 40 1 2 2
2 Samuel Girard Kyle Capobianco 30 1 2 2
3 Jack Ahcan Jake Evans 20 1 2 2
4 Jakub Zboril Corey Shueneman 10 1 2 2
PowerPlay Forward
Center Left Wing Right Wing Time % Phy DF OF
1 Frederick Gaudreau Eric Robinson Thomas Spelling 60 1 2 2
2 Cedric Paquette Hayden Hodgson Wade Allison 40 1 2 2
PowerPlay Defense
Defense Defense Time % Phy DF OF
1 Jakub Zboril Corey Shueneman 60 1 2 2
2 Samuel Girard Kyle Capobianco 40 1 2 2
Penalty Kill 4 Players Forward
Center Wing Time % Phy DF OF
1 Frederick Gaudreau Cedric Paquette 60 1 2 2
2 Antti Suomela Thomas Spelling 40 1 2 2
Penalty Kill 4 Players Defense
Defense Defense Time % Phy DF OF
1 Jakub Zboril Corey Shueneman 60 1 2 2
2 Samuel Girard Kyle Capobianco 40 1 2 2
Penalty Kill - 3 Players Forward
Forward Time % Phy DF OF
1 Frederick Gaudreau 60 1 2 2
2 Cedric Paquette 40 1 2 2
Penalty Kill - 3 Players Defense
Defense Defense Time % Phy DF OF
1 Jakub Zboril Corey Shueneman 60 1 2 2
2 Samuel Girard Kyle Capobianco 40 1 2 2
4 vs 4 Forward
Center Wing Time % Phy DF OF
1 Frederick Gaudreau Cedric Paquette 60 1 2 2
2 Antti Suomela Thomas Spelling 40 1 2 2
4 vs 4 Defense
Defense Defense Time % Phy DF OF
1 Jakub Zboril Corey Shueneman 60 1 2 2
2 Samuel Girard Kyle Capobianco 40 1 2 2
Last Minutes Offensive
Center Left Wing Right Wing Defense Defense
Frederick Gaudreau Eric Robinson Thomas Spelling Jakub Zboril Corey Shueneman
Last Minutes Defensive
Center Left Wing Right Wing Defense Defense
Frederick Gaudreau Eric Robinson Thomas Spelling Jakub Zboril Corey Shueneman
Goaltenders
Starting : Ebbe Siönäs
Backup : Ukko-Pekka Luukkonen
Extra Forwards
Normal : Liam O'Brien, Sasha Chmelevski, Parker Kelly - PP : Liam O'Brien, Sasha Chmelevski - PK : Parker Kelly
Extra Defensemen
Normal : Jack Ahcan, Samuel Girard, Kyle Capobianco - PP : Jack Ahcan - PK : Samuel Girard, Kyle Capobianco
Penalty Shots
Frederick Gaudreau, Cedric Paquette, Antti Suomela, Thomas Spelling, Jake Evans
Scratches
Matthew Kiersted (Strained Right Elbow Injury), Jalen Chatfield (Healthy), Dylan Coghlan (Healthy), Ian Scott (Healthy)
Crunch
5 vs 5 Forward
Center Left Wing Right Wing Time % Phy DF OF
1 Sam Bennett Anthony Cirelli Jeremy Bracco 40 1 2 2
2 Jack Roslovic Michael Ferland Robert Thomas 30 1 2 2
3 Jacob Josefson Brandon Hagel Joel Vermin 20 1 2 2
4 Connor Bunnaman Anatoli Golyshev Max McCormick 10 1 2 2
5 vs 5 Defense
Defense Defense Time % Phy DF OF
1 Roland McKeown Brendan Guhle 40 1 2 2
2 Noah Hanifin Jakob Chychrun 30 1 2 2
3 Sean Walker Jordan Oesterle 20 1 2 2
4 Roland McKeown Brendan Guhle 10 1 2 2
PowerPlay Forward
Center Left Wing Right Wing Time % Phy DF OF
1 Sam Bennett Anthony Cirelli Jeremy Bracco 60 1 2 2
2 Jack Roslovic Brandon Hagel Robert Thomas 40 1 2 2
PowerPlay Defense
Defense Defense Time % Phy DF OF
1 Jakob Chychrun Jordan Oesterle 60 1 2 2
2 Noah Hanifin Brendan Guhle 40 1 2 2
Penalty Kill 4 Players Forward
Center Wing Time % Phy DF OF
1 Sam Bennett Anthony Cirelli 60 1 2 2
2 Jack Roslovic Michael Ferland 40 1 2 2
Penalty Kill 4 Players Defense
Defense Defense Time % Phy DF OF
1 Roland McKeown Brendan Guhle 60 1 2 2
2 Noah Hanifin Jordan Oesterle 40 1 2 2
Penalty Kill - 3 Players Forward
Forward Time % Phy DF OF
1 Sam Bennett 60 1 2 2
2 Jack Roslovic 40 1 2 2
Penalty Kill - 3 Players Defense
Defense Defense Time % Phy DF OF
1 Roland McKeown Brendan Guhle 60 1 2 2
2 Noah Hanifin Jordan Oesterle 40 1 2 2
4 vs 4 Forward
Center Wing Time % Phy DF OF
1 Sam Bennett Anthony Cirelli 60 1 2 2
2 Jack Roslovic Brandon Hagel 40 1 2 2
4 vs 4 Defense
Defense Defense Time % Phy DF OF
1 Roland McKeown Brendan Guhle 60 1 2 2
2 Noah Hanifin Jakob Chychrun 40 1 2 2
Last Minutes Offensive
Center Left Wing Right Wing Defense Defense
Sam Bennett Anthony Cirelli Joel Vermin Noah Hanifin Jakob Chychrun
Last Minutes Defensive
Center Left Wing Right Wing Defense Defense
Sam Bennett Anthony Cirelli Joel Vermin Roland McKeown Brendan Guhle
Goaltenders
Starting : Kaapo Kahkonen
Backup : Jordan Binnington
Extra Forwards
Normal : Brandon Hagel, Jacob Josefson, Joel Vermin - PP : Brandon Hagel, Jacob Josefson - PK : Brandon Hagel
Extra Defensemen
Normal : Jordan Oesterle, Jakob Chychrun, Sean Walker - PP : Jordan Oesterle - PK : Jordan Oesterle, Jakob Chychrun
Penalty Shots
Sam Bennett, Jack Roslovic, Anthony Cirelli, Michael Ferland, Brandon Hagel
Scratches
Axel Holmstrom (Healthy), Blake Lizotte (Healthy), Charles-Olivier Roussel (Healthy), Michael Downing (Healthy), Nikita Gusev (Healthy)
Blake Hillman (Healthy), Josef Korenar (Healthy)
% Time on Ice - Wolves
Lines # - Real PCT - Wanted PCT - Time Play
Normal Forward
1 - 35% - 40% - 15:37
2 - 29% - 30% - 13:03
3 - 23% - 20% - 10:20
4 - 13% - 10% - 6:02
Normal Defense
1 - 40% - 40% - 17:54
2 - 34% - 30% - 15:13
3 - 24% - 20% - 10:35
4 - 3% - 10% - 1:20
PP Forward
1 - 61% - 60% - 5:19
2 - 39% - 40% - 3:21
PP Defense
1 - 60% - 60% - 5:10
2 - 40% - 40% - 3:30
PK Forward
1 - 70% - 60% - 4:19
2 - 30% - 40% - 1:50
PK Defense
1 - 59% - 60% - 3:38
2 - 41% - 40% - 2:31
PK3 Forward
1 - 0% - 60%
2 - 0% - 40%
PK3 Defense
1 - 0% - 60%
2 - 0% - 40%
44 Forward
1 - 0% - 60%
2 - 0% - 40%
44 Defense
1 - 0% - 60%
2 - 0% - 40%
Last Minute Offensive - 0:00
Last Minute Defensive - 0:09
Total
Forward - 60:00
Defense - 60:00
|
% Time on Ice - Crunch
Lines # - Real PCT - Wanted PCT - Time Play
Normal Forward
1 - 32% - 40% - 14:09
2 - 26% - 30% - 11:53
3 - 22% - 20% - 10:04
4 - 20% - 10% - 8:47
Normal Defense
1 - 40% - 40% - 17:57
2 - 34% - 30% - 15:07
3 - 23% - 20% - 10:08
4 - 4% - 10% - 1:41
PP Forward
1 - 57% - 60% - 3:30
2 - 43% - 40% - 2:39
PP Defense
1 - 65% - 60% - 3:59
2 - 35% - 40% - 2:10
PK Forward
1 - 79% - 60% - 6:51
2 - 21% - 40% - 1:49
PK Defense
1 - 64% - 60% - 5:31
2 - 36% - 40% - 3:09
PK3 Forward
1 - 0% - 60%
2 - 0% - 40%
PK3 Defense
1 - 0% - 60%
2 - 0% - 40%
44 Forward
1 - 0% - 60%
2 - 0% - 40%
44 Defense
1 - 0% - 60%
2 - 0% - 40%
Last Minute Offensive - 0:18
Last Minute Defensive - 0:00
Total
Forward - 60:00
Defense - 60:00
|
Play-by-Play
1st period
0:01 of 1st period - Frederick Gaudreau wins face-off versus Sam Bennett in neutral zone.
1:34 of 1st period - Jordan Oesterle is hit by Eric Robinson and loses puck.
1:48 of 1st period - Icing by Corey Shueneman.
1:49 of 1st period - Jack Roslovic wins face-off versus Cedric Paquette in Wolves zone.
1:50 of 1st period - Wrist shot by Robert Thomas.
1:50 of 1st period - Stopped by Ebbe Siönäs with a rebound.
1:52 of 1st period - Snap shot by Michael Ferland.
1:52 of 1st period - Stopped by Ebbe Siönäs with a rebound.
1:54 of 1st period - Backhand shot by Roland McKeown.
1:54 of 1st period - Stopped by Ebbe Siönäs without a rebound.
1:55 of 1st period - Cedric Paquette wins face-off versus Jack Roslovic in Wolves zone.
2:48 of 1st period - Snap shot by Jack Roslovic.
2:48 of 1st period - Shot Misses the Net.
3:06 of 1st period - Snap shot by Jack Roslovic.
3:06 of 1st period - Shot Misses the Net.
3:08 of 1st period - Snap shot by Brendan Guhle.
3:08 of 1st period - Deflect By Cedric Paquette.
3:08 of 1st period - Stopped by Ebbe Siönäs without a rebound.
3:09 of 1st period - Thomas Spelling wins face-off versus Sam Bennett in Wolves zone.
3:09 of 1st period - Thomas Spelling is hit by Jeremy Bracco.
4:20 of 1st period - Jakub Zboril is hit by Brandon Hagel and loses puck.
4:31 of 1st period - Slapshot by Jacob Josefson.
4:31 of 1st period - Stopped by Ebbe Siönäs with a rebound.
4:47 of 1st period - Wrist shot by Jacob Josefson.
4:47 of 1st period - Stopped by Ebbe Siönäs without a rebound.
4:48 of 1st period - Antti Suomela wins face-off versus Sam Bennett in Wolves zone.
4:55 of 1st period - Slapshot by Samuel Girard.
4:55 of 1st period - Stopped by Kaapo Kahkonen without a rebound.
4:56 of 1st period - Antti Suomela wins face-off versus Sam Bennett in Crunch zone.
4:59 of 1st period - Slapshot by Antti Suomela.
4:59 of 1st period - Stopped by Kaapo Kahkonen with a rebound.
5:07 of 1st period - Slapshot by Sam Bennett.
5:07 of 1st period - Stopped by Ebbe Siönäs without a rebound.
5:08 of 1st period - Sam Bennett wins face-off versus Jonah Gadjovich in Wolves zone.
6:23 of 1st period - Snap shot by Cedric Paquette.
6:23 of 1st period - Shot Blocked by Jakob Chychrun.
6:25 of 1st period - Snap shot by Cedric Paquette.
6:25 of 1st period - Shot Misses the Net.
6:56 of 1st period - Minor Penalty to Liam O'Brien for Hooking.
6:57 of 1st period - Frederick Gaudreau wins face-off versus Sam Bennett in Wolves zone.
7:33 of 1st period - Slapshot by Jack Roslovic.
7:33 of 1st period - Deflect By Brandon Hagel.
7:33 of 1st period - Stopped by Ebbe Siönäs without a rebound.
7:34 of 1st period - Jack Roslovic wins face-off versus Antti Suomela in Wolves zone.
7:57 of 1st period - Sam Bennett is hit by Corey Shueneman and loses puck.
8:09 of 1st period - Antti Suomela is hit by Jeremy Bracco and loses puck.
8:56 of 1st period - Penalty to Liam O'Brien is over, Liam O'Brien is back on ice.
10:33 of 1st period - Snap shot by Max McCormick.
10:33 of 1st period - Shot Misses the Net.
10:35 of 1st period - Snap shot by Connor Bunnaman.
10:35 of 1st period - Shot Misses the Net.
10:37 of 1st period - Slapshot by Connor Bunnaman.
10:37 of 1st period - Stopped by Ebbe Siönäs with a rebound.
10:39 of 1st period - Slapshot by Sean Walker.
10:39 of 1st period - Shot Blocked by Corey Shueneman.
11:33 of 1st period - Slapshot by Anatoli Golyshev.
11:33 of 1st period - Shot Misses the Net.
11:35 of 1st period - Snap shot by Sean Walker.
11:35 of 1st period - Shot Blocked by Jakub Zboril.
11:37 of 1st period - Slapshot by Sean Walker.
11:37 of 1st period - Shot Misses the Net.
11:39 of 1st period - Slapshot by Roland McKeown.
11:39 of 1st period - Stopped by Ebbe Siönäs with a rebound.
11:41 of 1st period - Slapshot by Roland McKeown.
11:41 of 1st period - Shot Blocked by Jakub Zboril.
11:45 of 1st period - Wrist shot by Anatoli Golyshev.
11:45 of 1st period - Shot Blocked by Corey Shueneman.
11:47 of 1st period - Slapshot by Roland McKeown.
11:47 of 1st period - Shot Misses the Net.
11:49 of 1st period - Slapshot by Sean Walker.
11:49 of 1st period - Shot Blocked by Corey Shueneman.
11:51 of 1st period - Slapshot by Sean Walker.
11:51 of 1st period - Stopped by Ebbe Siönäs without a rebound.
11:52 of 1st period - Cedric Paquette wins face-off versus Sam Bennett in Wolves zone.
11:52 of 1st period - Cedric Paquette is hit by Sam Bennett.
13:38 of 1st period - Minor Penalty to Fredrik Olofsson for Cross-checking.
13:39 of 1st period - Frederick Gaudreau wins face-off versus Sam Bennett in Wolves zone.
13:50 of 1st period - Wrist shot by Sam Bennett.
13:50 of 1st period - Goal by Sam Bennett - Wolves : 0 - Crunch : 1.
13:51 of 1st period - Cedric Paquette wins face-off versus Sam Bennett in neutral zone.
14:39 of 1st period - Jordan Oesterle is hit by Jake Evans and loses puck.
15:14 of 1st period - Hayden Hodgson is hit by Noah Hanifin and loses puck.
15:44 of 1st period - Jake Evans is hit by Jack Roslovic and loses puck.
17:09 of 1st period - Frederick Gaudreau is hit by Noah Hanifin and loses puck.
18:16 of 1st period - Jakub Zboril is hit by Brandon Hagel and loses puck.
18:54 of 1st period - Wrist shot by Robert Thomas.
18:54 of 1st period - Shot Blocked by Jakub Zboril.
18:59 of 1st period - Minor Penalty to Sean Walker for Hooking.
19:00 of 1st period - Cedric Paquette wins face-off versus Sam Bennett in Crunch zone.
19:08 of 1st period - Wrist shot by Cedric Paquette.
19:08 of 1st period - Shot Blocked by Sam Bennett.
19:38 of 1st period - Jordan Oesterle is hit by Thomas Spelling and loses puck.
19:57 of 1st period - Wrist shot by Michael Ferland.
19:57 of 1st period - Stopped by Ebbe Siönäs with a rebound.
19:59 of 1st period - Slapshot by Brandon Hagel.
19:59 of 1st period - Shot Misses the Net.
Goals for this period are 0 for Wolves vs 1 for Crunch.
Shots for this period are 2 for Wolves vs 13 for Crunch.
2nd period
0:01 of 2nd period - Sam Bennett wins face-off versus Frederick Gaudreau in neutral zone.
0:14 of 2nd period - Slapshot by Frederick Gaudreau.
0:14 of 2nd period - Goal by Frederick Gaudreau - Wolves : 1 - Crunch : 1.
0:15 of 2nd period - Sam Bennett wins face-off versus Cedric Paquette in neutral zone.
1:03 of 2nd period - Fredrik Olofsson is hit by Brandon Hagel.
1:07 of 2nd period - Antti Suomela is hit by Jacob Josefson and loses puck.
1:24 of 2nd period - Snap shot by Anthony Cirelli.
1:24 of 2nd period - Goal by Anthony Cirelli - Wolves : 1 - Crunch : 2.
1:25 of 2nd period - Sam Bennett wins face-off versus Hayden Hodgson in neutral zone.
1:55 of 2nd period - Slapshot by Jakub Zboril.
1:55 of 2nd period - Shot Misses the Net.
3:04 of 2nd period - Snap shot by Cedric Paquette.
3:04 of 2nd period - Shot Hit the Post.
3:18 of 2nd period - Jakob Chychrun is hit by Frederick Gaudreau and loses puck.
4:16 of 2nd period - Jakob Chychrun is hit by Wade Allison and loses puck.
4:38 of 2nd period - Jakob Chychrun is hit by Eric Robinson and loses puck.
4:53 of 2nd period - Jakob Chychrun is hit by Fredrik Olofsson and loses puck.
5:02 of 2nd period - Wrist shot by Antti Suomela.
5:02 of 2nd period - Stopped by Kaapo Kahkonen with a rebound.
5:21 of 2nd period - Off-side.
5:22 of 2nd period - Sam Bennett wins face-off versus Thomas Spelling in neutral zone.
5:25 of 2nd period - Eric Robinson is hit by Roland McKeown and loses puck.
5:32 of 2nd period - Snap shot by Jeremy Bracco.
5:32 of 2nd period - Shot Blocked by Frederick Gaudreau.
5:34 of 2nd period - Slapshot by Brendan Guhle.
5:34 of 2nd period - Stopped by Ebbe Siönäs without a rebound.
5:35 of 2nd period - Sam Bennett wins face-off versus Frederick Gaudreau in Wolves zone.
6:09 of 2nd period - Snap shot by Frederick Gaudreau.
6:09 of 2nd period - Stopped by Kaapo Kahkonen without a rebound.
6:10 of 2nd period - Sam Bennett wins face-off versus Cedric Paquette in Crunch zone.
6:15 of 2nd period - Slapshot by Jordan Oesterle.
6:15 of 2nd period - Shot Blocked by Wade Allison.
7:18 of 2nd period - Backhand shot by Eric Robinson.
7:18 of 2nd period - Shot Misses the Net.
7:36 of 2nd period - Wrist shot by Robert Thomas.
7:36 of 2nd period - Deflect By Jack Roslovic.
7:36 of 2nd period - Shot Misses the Net.
7:36 of 2nd period - Puck is out of play.
7:37 of 2nd period - Cedric Paquette wins face-off versus Jack Roslovic in Wolves zone.
7:42 of 2nd period - Hayden Hodgson is hit by Robert Thomas and loses puck.
7:47 of 2nd period - Snap shot by Jack Roslovic.
7:47 of 2nd period - Shot Blocked by Wade Allison.
7:49 of 2nd period - Snap shot by Jack Roslovic.
7:49 of 2nd period - Stopped by Ebbe Siönäs without a rebound.
7:50 of 2nd period - Sam Bennett wins face-off versus Frederick Gaudreau in Wolves zone.
8:05 of 2nd period - Slapshot by Jakob Chychrun.
8:05 of 2nd period - Stopped by Ebbe Siönäs without a rebound.
8:06 of 2nd period - Jack Roslovic wins face-off versus Hayden Hodgson in Wolves zone.
8:07 of 2nd period - Snap shot by Robert Thomas.
8:07 of 2nd period - Shot Blocked by Corey Shueneman.
8:26 of 2nd period - Minor Penalty to Michael Ferland for High sticking.
8:27 of 2nd period - Frederick Gaudreau wins face-off versus Sam Bennett in Crunch zone.
8:59 of 2nd period - Snap shot by Corey Shueneman.
8:59 of 2nd period - Stopped by Kaapo Kahkonen without a rebound.
9:00 of 2nd period - Jack Roslovic wins face-off versus Frederick Gaudreau in Crunch zone.
9:03 of 2nd period - Slapshot by Thomas Spelling.
9:03 of 2nd period - Stopped by Kaapo Kahkonen with a rebound.
9:05 of 2nd period - Snap shot by Thomas Spelling.
9:05 of 2nd period - Shot Misses the Net.
9:07 of 2nd period - Slapshot by Samuel Girard.
9:07 of 2nd period - Stopped by Kaapo Kahkonen with a rebound.
9:09 of 2nd period - Slapshot by Samuel Girard.
9:09 of 2nd period - Deflect By Thomas Spelling.
9:09 of 2nd period - Shot Blocked by Jordan Oesterle.
9:09 of 2nd period - Puck is out of play.
9:10 of 2nd period - Eric Robinson wins face-off versus Sam Bennett in Crunch zone.
9:43 of 2nd period - Wrist shot by Thomas Spelling.
9:43 of 2nd period - Stopped by Kaapo Kahkonen with a rebound.
9:45 of 2nd period - Slapshot by Kyle Capobianco.
9:45 of 2nd period - Shot Misses the Net.
9:47 of 2nd period - Wrist shot by Eric Robinson.
9:47 of 2nd period - Goal by Eric Robinson - Wolves : 2 - Crunch : 2.
9:48 of 2nd period - Sam Bennett wins face-off versus Cedric Paquette in neutral zone.
10:02 of 2nd period - Minor Penalty to Sam Bennett for Hooking.
10:03 of 2nd period - Frederick Gaudreau wins face-off versus Brandon Hagel in Crunch zone.
10:03 of 2nd period - Slapshot by Thomas Spelling.
10:03 of 2nd period - Shot Misses the Net.
10:05 of 2nd period - Slapshot by Thomas Spelling.
10:05 of 2nd period - Shot Misses the Net.
10:07 of 2nd period - Snap shot by Frederick Gaudreau.
10:07 of 2nd period - Shot Misses the Net.
10:09 of 2nd period - Wrist shot by Frederick Gaudreau.
10:09 of 2nd period - Goal by Frederick Gaudreau - Wolves : 3 - Crunch : 2.
10:10 of 2nd period - Sam Bennett wins face-off versus Frederick Gaudreau in neutral zone.
10:24 of 2nd period - Anthony Cirelli is hit by Jakub Zboril and loses puck.
13:20 of 2nd period - Slapshot by Cedric Paquette.
13:20 of 2nd period - Stopped by Kaapo Kahkonen with a rebound.
13:22 of 2nd period - Snap shot by Maksim Sushko.
13:22 of 2nd period - Stopped by Kaapo Kahkonen without a rebound.
13:23 of 2nd period - Antti Suomela wins face-off versus Sam Bennett in Crunch zone.
13:30 of 2nd period - Slapshot by Fredrik Olofsson.
13:30 of 2nd period - Deflect By Maksim Sushko.
13:30 of 2nd period - Stopped by Kaapo Kahkonen without a rebound.
13:31 of 2nd period - Jeremy Bracco wins face-off versus Frederick Gaudreau in Crunch zone.
13:44 of 2nd period - Snap shot by Jeremy Bracco.
13:44 of 2nd period - Shot Misses the Net.
14:04 of 2nd period - Wrist shot by Jack Roslovic.
14:04 of 2nd period - Shot Blocked by Hayden Hodgson.
14:06 of 2nd period - Wrist shot by Robert Thomas.
14:06 of 2nd period - Deflect By Michael Ferland.
14:06 of 2nd period - Shot Misses the Net.
14:06 of 2nd period - Puck is out of play.
14:07 of 2nd period - Sam Bennett wins face-off versus Frederick Gaudreau in Wolves zone.
14:19 of 2nd period - Minor Penalty to Thomas Spelling for Interference.
14:20 of 2nd period - Frederick Gaudreau wins face-off versus Sam Bennett in Wolves zone.
14:20 of 2nd period - Frederick Gaudreau is hit by Anthony Cirelli.
15:01 of 2nd period - Off-side.
15:02 of 2nd period - Antti Suomela wins face-off versus Sam Bennett in neutral zone.
15:40 of 2nd period - Off-side.
15:41 of 2nd period - Sam Bennett wins face-off versus Frederick Gaudreau in neutral zone.
15:44 of 2nd period - Samuel Girard is hit by Sam Bennett and loses puck.
16:07 of 2nd period - Kyle Capobianco is hit by Robert Thomas and loses puck.
16:19 of 2nd period - Penalty to Thomas Spelling is over, Thomas Spelling is back on ice.
16:34 of 2nd period - Slapshot by Jake Evans.
16:34 of 2nd period - Shot Blocked by Connor Bunnaman.
16:50 of 2nd period - Brendan Guhle is hit by Fredrik Olofsson and loses puck.
17:31 of 2nd period - Minor Penalty to Robert Thomas for Hooking.
17:32 of 2nd period - Sam Bennett wins face-off versus Wade Allison in Crunch zone.
17:48 of 2nd period - Slapshot by Jakub Zboril.
17:48 of 2nd period - Deflect By Cedric Paquette.
17:48 of 2nd period - Shot Blocked by Jordan Oesterle.
17:48 of 2nd period - Puck is out of play.
17:49 of 2nd period - Frederick Gaudreau wins face-off versus Sam Bennett in Crunch zone.
18:09 of 2nd period - Icing by Thomas Spelling.
18:10 of 2nd period - Sam Bennett wins face-off versus Frederick Gaudreau in Wolves zone.
18:47 of 2nd period - Wrist shot by Thomas Spelling.
18:47 of 2nd period - Shot Misses the Net.
18:49 of 2nd period - Slapshot by Samuel Girard.
18:49 of 2nd period - Deflect By Michael Ferland.
18:49 of 2nd period - Stopped by Kaapo Kahkonen without a rebound.
18:50 of 2nd period - Cedric Paquette wins face-off versus Sam Bennett in Crunch zone.
18:51 of 2nd period - Slapshot by Jakub Zboril.
18:51 of 2nd period - Deflect By Brendan Guhle.
18:51 of 2nd period - Stopped by Kaapo Kahkonen without a rebound.
18:52 of 2nd period - Cedric Paquette wins face-off versus Anthony Cirelli in Crunch zone.
18:55 of 2nd period - Snap shot by Cedric Paquette.
18:55 of 2nd period - Stopped by Kaapo Kahkonen without a rebound.
18:56 of 2nd period - Cedric Paquette wins face-off versus Sam Bennett in Crunch zone.
19:31 of 2nd period - Penalty to Robert Thomas is over, Robert Thomas is back on ice.
19:52 of 2nd period - Snap shot by Wade Allison.
19:52 of 2nd period - Shot Blocked by Brendan Guhle.
19:54 of 2nd period - Slapshot by Corey Shueneman.
19:54 of 2nd period - Deflect By Jack Roslovic.
19:54 of 2nd period - Stopped by Kaapo Kahkonen without a rebound.
19:55 of 2nd period - Frederick Gaudreau wins face-off versus Sam Bennett in Crunch zone.
19:56 of 2nd period - Snap shot by Eric Robinson.
19:56 of 2nd period - Shot Misses the Net.
19:58 of 2nd period - Snap shot by Eric Robinson.
19:58 of 2nd period - Shot Misses the Net.
Goals for this period are 3 for Wolves vs 1 for Crunch.
Shots for this period are 16 for Wolves vs 4 for Crunch.
3rd period
0:01 of 3rd period - Sam Bennett wins face-off versus Frederick Gaudreau in neutral zone.
0:33 of 3rd period - Slapshot by Jakub Zboril.
0:33 of 3rd period - Stopped by Kaapo Kahkonen without a rebound.
0:34 of 3rd period - Cedric Paquette wins face-off versus Sam Bennett in Crunch zone.
0:35 of 3rd period - Slapshot by Samuel Girard.
0:35 of 3rd period - Shot Blocked by Sean Walker.
0:56 of 3rd period - Minor Penalty to Wade Allison for Interference.
0:57 of 3rd period - Frederick Gaudreau wins face-off versus Sam Bennett in Wolves zone.
0:57 of 3rd period - Frederick Gaudreau is hit by Sam Bennett.
1:07 of 3rd period - Slapshot by Jakob Chychrun.
1:07 of 3rd period - Shot Misses the Net.
1:27 of 3rd period - Slapshot by Jordan Oesterle.
1:27 of 3rd period - Stopped by Ebbe Siönäs without a rebound.
1:28 of 3rd period - Sam Bennett wins face-off versus Frederick Gaudreau in Wolves zone.
1:55 of 3rd period - Icing by Brendan Guhle.
1:56 of 3rd period - Jack Roslovic wins face-off versus Antti Suomela in Crunch zone.
2:31 of 3rd period - Slapshot by Jakob Chychrun.
2:31 of 3rd period - Shot Misses the Net.
2:56 of 3rd period - Penalty to Wade Allison is over, Wade Allison is back on ice.
3:02 of 3rd period - Antti Suomela is hit by Noah Hanifin and loses puck.
4:08 of 3rd period - Connor Bunnaman is hit by Stelio Mattheos and loses puck.
5:40 of 3rd period - Jordan Oesterle is hit by Thomas Spelling and loses puck.
5:57 of 3rd period - Antti Suomela is hit by Jordan Oesterle and loses puck.
6:04 of 3rd period - Wrist shot by Anatoli Golyshev.
6:04 of 3rd period - Stopped by Ebbe Siönäs with a rebound.
6:06 of 3rd period - Wrist shot by Connor Bunnaman.
6:06 of 3rd period - Stopped by Ebbe Siönäs with a rebound.
6:22 of 3rd period - Snap shot by Hayden Hodgson.
6:22 of 3rd period - Stopped by Kaapo Kahkonen with a rebound.
6:40 of 3rd period - Wrist shot by Anthony Cirelli.
6:40 of 3rd period - Stopped by Ebbe Siönäs with a rebound.
6:42 of 3rd period - Snap shot by Anthony Cirelli.
6:42 of 3rd period - Shot Misses the Net.
6:44 of 3rd period - Wrist shot by Anthony Cirelli.
6:44 of 3rd period - Stopped by Ebbe Siönäs without a rebound.
6:45 of 3rd period - Sam Bennett wins face-off versus Frederick Gaudreau in Wolves zone.
8:18 of 3rd period - Wrist shot by Jeremy Bracco.
8:18 of 3rd period - Shot Misses the Net.
8:57 of 3rd period - Slapshot by Noah Hanifin.
8:57 of 3rd period - Shot Misses the Net.
8:59 of 3rd period - Wrist shot by Max McCormick.
8:59 of 3rd period - Stopped by Ebbe Siönäs with a rebound.
9:09 of 3rd period - Wrist shot by Anatoli Golyshev.
9:09 of 3rd period - Shot Blocked by Thomas Spelling.
9:21 of 3rd period - Slapshot by Eric Robinson.
9:21 of 3rd period - Deflect By Hayden Hodgson.
9:21 of 3rd period - Stopped by Kaapo Kahkonen with a rebound.
9:44 of 3rd period - Wrist shot by Antti Suomela.
9:44 of 3rd period - Shot Misses the Net.
9:50 of 3rd period - Snap shot by Michael Ferland.
9:50 of 3rd period - Stopped by Ebbe Siönäs with a rebound.
10:02 of 3rd period - Icing by Jordan Oesterle.
10:03 of 3rd period - Jacob Josefson wins face-off versus Cedric Paquette in Crunch zone.
10:27 of 3rd period - Wrist shot by Antti Suomela.
10:27 of 3rd period - Shot Misses the Net.
10:29 of 3rd period - Minor Penalty to Sean Walker for High sticking.
10:30 of 3rd period - Frederick Gaudreau wins face-off versus Sam Bennett in Crunch zone.
10:33 of 3rd period - Snap shot by Eric Robinson.
10:33 of 3rd period - Deflect By Frederick Gaudreau.
10:33 of 3rd period - Shot Misses the Net.
10:33 of 3rd period - Puck is out of play.
10:34 of 3rd period - Sam Bennett wins face-off versus Frederick Gaudreau in Crunch zone.
10:41 of 3rd period - Snap shot by Thomas Spelling.
10:41 of 3rd period - Stopped by Kaapo Kahkonen with a rebound.
12:10 of 3rd period - Michael Ferland is hit by Cedric Paquette and loses puck.
12:21 of 3rd period - Jakub Zboril is hit by Brandon Hagel and loses puck.
12:29 of 3rd period - Penalty to Sean Walker is over, Sean Walker is back on ice.
12:59 of 3rd period - Slapshot by Jake Evans.
12:59 of 3rd period - Shot Blocked by Jordan Oesterle.
13:16 of 3rd period - Jordan Oesterle is hit by Fredrik Olofsson.
14:01 of 3rd period - Slapshot by Brendan Guhle.
14:01 of 3rd period - Stopped by Ebbe Siönäs with a rebound.
14:44 of 3rd period - Robert Thomas is hit by Eric Robinson and loses puck.
15:00 of 3rd period - Icing by Anatoli Golyshev.
15:01 of 3rd period - Connor Bunnaman wins face-off versus Frederick Gaudreau in Crunch zone.
15:14 of 3rd period - Snap shot by Anatoli Golyshev.
15:14 of 3rd period - Deflect By Jakub Zboril.
15:14 of 3rd period - Shot Misses the Net.
15:14 of 3rd period - Puck is out of play.
15:15 of 3rd period - Jacob Josefson wins face-off versus Antti Suomela in Wolves zone.
15:16 of 3rd period - Snap shot by Joel Vermin.
15:16 of 3rd period - Stopped by Ebbe Siönäs with a rebound.
15:49 of 3rd period - Snap shot by Frederick Gaudreau.
15:49 of 3rd period - Shot Blocked by Jordan Oesterle.
15:51 of 3rd period - Slapshot by Jakub Zboril.
15:51 of 3rd period - Shot Misses the Net.
16:00 of 3rd period - Off-side.
16:01 of 3rd period - Cedric Paquette wins face-off versus Michael Ferland in neutral zone.
16:12 of 3rd period - Cedric Paquette is hit by Roland McKeown and loses puck.
16:17 of 3rd period - Slapshot by Jack Roslovic.
16:17 of 3rd period - Stopped by Ebbe Siönäs with a rebound.
16:47 of 3rd period - Snap shot by Thomas Spelling.
16:47 of 3rd period - Shot Blocked by Noah Hanifin.
16:49 of 3rd period - Snap shot by Thomas Spelling.
16:49 of 3rd period - Stopped by Kaapo Kahkonen without a rebound.
16:50 of 3rd period - Sam Bennett wins face-off versus Frederick Gaudreau in Crunch zone.
17:05 of 3rd period - Wrist shot by Sam Bennett.
17:05 of 3rd period - Stopped by Ebbe Siönäs without a rebound.
17:06 of 3rd period - Jacob Josefson wins face-off versus Antti Suomela in Wolves zone.
17:20 of 3rd period - Wrist shot by Antti Suomela.
17:20 of 3rd period - Stopped by Kaapo Kahkonen without a rebound.
17:21 of 3rd period - Sam Bennett wins face-off versus Frederick Gaudreau in Crunch zone.
17:42 of 3rd period - Minor Penalty to Jeremy Bracco for High sticking.
17:43 of 3rd period - Frederick Gaudreau wins face-off versus Sam Bennett in Crunch zone.
19:31 of 3rd period - Frederick Gaudreau is hit by Roland McKeown and loses puck.
19:38 of 3rd period - Snap shot by Brandon Hagel.
19:38 of 3rd period - Deflect By Anatoli Golyshev.
19:38 of 3rd period - Stopped by Ebbe Siönäs with a rebound.
19:42 of 3rd period - Penalty to Jeremy Bracco is over, Jeremy Bracco is back on ice.
19:46 of 3rd period - Crunch, Kaapo Kahkonen is pulled from the net.
19:50 of 3rd period - Wrist shot by Joel Vermin.
19:50 of 3rd period - Stopped by Ebbe Siönäs without a rebound.
19:51 of 3rd period - Denis Savard call a timeout for Crunch.
19:51 of 3rd period - Frederick Gaudreau wins face-off versus Sam Bennett in Wolves zone.
19:51 of 3rd period - Frederick Gaudreau is hit by Noah Hanifin.
Goals for this period are 0 for Wolves vs 0 for Crunch.
Shots for this period are 6 for Wolves vs 13 for Crunch.